 Dungeon Crawl Stone Soup version bcrawl-1.33.1b (webtiles) character file.

Game seed: 4816161811787609797

150252 Metae the Firebug (level 6, -3/38 HPs)
             Began as a Fairy Fire Elementalist on Aug 30, 2021.
             Slain by an ogre
             ... wielding a +0 giant spiked club
              (8 damage)
             ... on level 3 of the Dungeon.
             The game lasted 00:25:51 (3160 turns).

Metae the Firebug (Fairy Fire Elementalist)         Turns: 3160, Time: 00:25:52

Health: -3/38      AC:  7    Str:  6    XL:     6   Next: 9%
Magic:  14/14      EV: 17    Int: 21    God:
Gold:   327        SH:  5    Dex: 12    Spells: 7/13 levels left

rFire    + . .     SeeInvis .   a - +3 quarterstaff (chaos)
rCold    + . .     Gourm    .   (shield currently unavailable)
rNeg     . . .     Faith    .   (armour unavailable)
rPois    +         Spirit   .   (no helmet)
rElec    .         Reflect  .   g - scarf {rC+ rF+}
rCorr    .         Harm     .   l - +1 pair of gloves {archery}
MR       .....                  (no boots)
Stlth    +.........             (no amulet)
HPRegen  0.12/turn              o - ring of poison resistance
MPRegen  0.14/turn              (no ring)

@: flying evasively
A: small, magic attunement, unstealthy, unfitting armour, able to fly, AC/SH +5
a: Stop Flying


You were on level 3 of the Dungeon.
You were hungry.

You visited 1 branch of the dungeon, and saw 3 of its levels.

You collected 327 gold pieces.

Inventory:

Hand Weapons
 a - a +3 quarterstaff of chaos (weapon)
 b - a +0 hunting sling
 c - a +0 dagger
Missiles
 u - 362 stones (quivered)
Armour
 g - a scarf of resistance (worn)
 l - a +1 pair of gloves of archery (worn)
 t - a +0 cloak
Jewellery
 o - a ring of poison resistance (left hand)
Scrolls
 d - 2 scrolls of remove curse {unknown}
 h - a scroll of blinking {unknown}
 i - 2 scrolls of identify
 j - a scroll of enchant armour {unknown}
 n - a scroll of enchant weapon {unknown}
 s - a scroll of amnesia {unknown}
Potions
 f - a potion of heal wounds {unknown}
 k - a potion of cancellation {unknown}
 m - 2 potions of invisibility {unknown}
 p - a potion of ambrosia {unknown}
 r - a potion of degeneration {unknown}
 v - a potion of haste {unknown}
Comestibles
 e - a ration {!d}


   Skills:
 * Level 1.6 Fighting
 + Level 1.3 Short Blades
 * Level 0.9 Staves
 + Level 1.7(2.0) Slings
 + Level 1.3(1.9) Throwing
 + Level 3.7 Dodging
 + Level 1.7 Stealth
 - Level 0.2 Unarmed Combat
 * Level 4.0 Spellcasting
 + Level 1.3 Conjurations
 + Level 0.3 Charms
 + Level 4.0 Fire Magic


You had 7 spell levels left.
You knew the following spells:

 Your Spells              Type           Power        Failure   Level  Hunger
a - Flame Tongue          Conj/Fire      ###..        4%          1    None
b - Flaming Arrows        Chrm/Fire      ##......     8%          2    None
c - Conjure Flame         Conj/Fire      ###.....     12%         3    None

Your spell library contained the following spells:

 Spells                   Type           Power        Failure   Level  Hunger
 Inner Flame              Hex/Fire       N/A          16%         3    None
 Sticky Flame             Conj/Fire      ###.....     36%         4    None
 Fireball                 Conj/Fire      ###.......   73%         5    None


Dungeon Overview and Level Annotations

Branches:
Dungeon (3/12)

Altars:


Innate Abilities, Weirdness & Mutations

Your spells do not cause hunger and MP costs are reduced by 1.
Your bright wings attract enemies. (Stealth-)
You cannot fit into any form of body armour.
Your shimmering scales are hard and can block incoming attacks. (AC +5, SH +5)
You are small and have problems with some larger weapons.
You can fly continuously.


Message History

Press: ? - help, Shift-Dir - straight line, f/p - ogre
Aim: an ogre, wielding a +0 giant spiked club (moderately wounded)
You shoot a stone. The stone hits the ogre!
The ogre is severely wounded.
The ogre completely misses you.
Firing (i - inventory)
u - 363 stones (quivered)
Press: ? - help, Shift-Dir - straight line, f/p - ogre
Aim: an ogre, wielding a +0 giant spiked club (severely wounded)
You shoot a stone. The stone barely misses the ogre.
The ogre hits you with a +0 giant spiked club!!
Ouch! That really hurt!
You are too injured to fight recklessly!
Your +3 quarterstaff of chaos is briefly surrounded by a scintillating aura of random colours.
a - a +3 quarterstaff of chaos (weapon)
You hit the ogre.
The ogre flickers and vanishes!
Deactivating autopickup; reactivate with Ctrl-A.
Something hits you!
* * * LOW HITPOINT WARNING * * *
Something hits you!
You die...

..÷#####...................#
....# #...................######
....# #...............#...'.....
....############...........#####.
.........#######..............<#.
...............#...##.......#..#.
##.............#...##.......####.
.......#.............##...#......
.......#........@....###..#######
.................................
.......##..........##.......###.#
.....÷).#.........[##)......# #.#
........#..........##.......# #.#
##......#....########.......# #.#
##......#....#...........#.## #.#
##......######...........#..# #.#
##......#### #...........##.###..


There were no monsters in sight!

Vanquished Creatures
  A phantom (D:2)
  Crazy Yiuf (D:2)
  A worker ant (D:3)
  5 adders (D:3)
  2 oozes (D:3)
  A worm (D:3)
  2 leopard geckos (D:3)
  5 bats
  5 goblins (D:1)
  5 hobgoblins
  3 jackals (D:2)
  6 kobolds
  A quokka (D:1)
  4 frilled lizards
  4 rats
46 creatures vanquished.

Notes
Turn   | Place    | Note
-------+----------+-------------------------------------------
     0 | D:1      | Metae the Fairy Fire Elementalist began the quest for the
                  | Orb.
     0 | D:1      | Reached XP level 1. HP: 11/11 MP: 6/6
   313 | D:1      | Reached XP level 2. HP: 11/18 MP: 7/7
   359 | D:1      | Learned a level 2 spell: Flaming Arrows
  1048 | D:2      | Found a faded altar of an unknown god.
  1069 | D:2      | Reached XP level 3. HP: 22/22 MP: 1/9
  1221 | D:2      | Found a runed door.
  1415 | D:2      | Reached skill level 1 in Fighting
  1635 | D:2      | Noticed a phantom
  1647 | D:2      | Killed a phantom
  1648 | D:2      | Reached skill level 1 in Short Blades
  1648 | D:2      | Reached skill level 1 in Throwing
  1648 | D:2      | Reached XP level 4. HP: 27/28 MP: 6/11
  1648 | D:2      | Reached XP level 5. HP: 32/33 MP: 6/12
  2016 | D:2      | Noticed Crazy Yiuf
  2028 | D:2      | Killed Crazy Yiuf
  2046 | D:2      | Learned a level 3 spell: Conjure Flame
  2174 | D:3      | Reached skill level 1 in Slings
  2528 | D:3      | Reached XP level 6. HP: 35/38 MP: 14/14
  3160 | D:3      | Slain by an ogre

Skill      XL: |  1  2  3  4  5 |
---------------+----------------+-----
Spellcasting   | 3 4 |  4.0
Dodging        | 3 |  3.7
Fighting       | 1 |  1.6
Short Blades   | 1 |  1.3
Throwing       | 1 |  1.3
Fire Magic     | 4 |  4.0
Slings         | 1 |  1.7
Staves         | |  0.9
Stealth        | |  1.7
Unarmed Combat | |  0.2
Conjurations   | |  1.3
Charms         | |  0.3

Action                   |  1- 3 |  4- 6 || total
-------------------------+-------+-------++-------
Melee: Unarmed           |    75 |       ||    75
       Dagger            |    79 |     7 ||    86
       Quarterstaff      |       |    42 ||    42
 Fire: Hunting sling     |     6 |    31 ||    37
Throw: Stone             |    35 |     8 ||    43
 Cast: Flame Tongue      |     5 |     5 ||    10
       Flaming Arrows    |     4 |     3 ||     7
       Conjure Flame     |       |     1 ||     1
  Eat: Chunk             |     6 |     4 ||    10
       Ration            |     1 |       ||     1
Armor: Skin              |    32 |    10 ||    42
Dodge: Dodged            |   140 |    57 ||   197
Block: Other             |    26 |    11 ||    37
